 Dungeon Crawl Stone Soup version 0.26-a0-670-g578ab304f5 (webtiles) character file.

Game seed: 368374347270155226

2934 ANON1729 the Skirmisher (level 9, -1/57 HPs)
             Began as an Octopode Chaos Knight on Oct 19, 2020.
             Was a Plaything of Xom.
             Slain by a sky beast (6 damage)
             ... on level 8 of the Dungeon.
             The game lasted 00:16:34 (10078 turns).

ANON1729 the Skirmisher (Octopode Chaos Knight)    Turns: 10078, Time: 00:16:35

Health: -1/57      AC:  3    Str: 14    XL:     9   Next: 80%
Magic:  16/16      EV: 19    Int: 13    God:    Xom [*.....]
Gold:   298        SH:  5    Dex:  7    Spells: 18/18 levels left

rFire    . . .     SeeInvis .   v - +5 falchion
rCold    + + .     Faith    .   (no shield)
rNeg     . . .     Spirit   .   (helmet restricted)
rPois    .         Reflect  +   w - amulet of reflection
rElec    .         Harm     .   c - +4 ring of evasion
rCorr    .         Rampage  .   j - ring of flight
MR       .....                  (no ring)
Stlth    +++.......             s - ring of stealth
HPRegen  0.19/turn              (no ring)
MPRegen  0.15/turn              (no ring)
                                (no ring)
                                (no ring)

@: no status effects
A: almost no armour, stealthy swim, amphibious, 8 rings, constrict 8, tentacle
spike 1, slimy green scales 1, camouflage 1, blurry vision 1, clumsy 2, cold
resistance 2, dopey 1, frail 1, gelatinous body 1
a: Renounce Religion, Evoke Flight


You were on level 8 of the Dungeon.
You worshipped Xom.
You were a special plaything of Xom.
You visited 1 branch of the dungeon, and saw 8 of its levels.

You collected 424 gold pieces.
You spent 126 gold pieces at shops.

Inventory:

Hand Weapons
 v - a +5 falchion (weapon)
 A - a +2 scimitar
 B - a +2 great sword
Missiles
 a - 2 curare-tipped darts
 d - 3 throwing nets (quivered)
 i - 6 javelins
Armour
 y - a scarf of shadows
Jewellery
 c - a +4 ring of evasion (left tentacle)
 j - a ring of flight (right tentacle)
 s - a ring of stealth (on tentacle)
 w - an amulet of reflection (around mantle)
Wands
 n - a wand of enslavement (3)
Scrolls
 b - 2 scrolls of blinking
 f - 3 scrolls of teleportation
 g - 3 scrolls of amnesia
 l - 4 scrolls of immolation
 m - a scroll of fog
 p - 3 scrolls of remove curse
 t - a scroll of enchant armour {unknown}
 u - a scroll of enchant weapon {unknown}
 x - a scroll of fear {unknown}
 z - 4 scrolls of identify
Potions
 k - 3 potions of lignification
 q - a potion of flight
 C - a potion of curing {unknown}


   Skills:
 + Level 7.4 Fighting
 + Level 7.3 Long Blades
 + Level 7.1 Dodging
 + Level 5.0 Spellcasting
 + Level 2.4 Evocations


You had 18 spell levels left.
You didn't know any spells.
Your spell library contained the following spells:

 Spells                   Type           Power        Failure   Level
 Beastly Appendage        Tmut           #.....       19%         1
 Wereblood                Tmut           #.......     28%         2
 Spider Form              Tmut/Pois      #.........   50%         3
 Ice Form                 Ice/Tmut       #.......     88%         4
 Blade Hands              Tmut           #.........   99%         5


Dungeon Overview and Level Annotations

Branches:
Dungeon (8/15)             Temple (0/1) D:4
   Lair: D:8-11

Altars:
Dithmenos
Fedhas
Makhleb
Qazlal
Sif Muna
Uskayaw
Yredelemnul

Shops:
D:4 ?   D:8 =


Innate Abilities, Weirdness & Mutations

You cannot wear most types of armour.
You are very stealthy in the water. (Stealth+)
You are amphibious.
You can wear up to eight rings at the same time.
You can use your tentacles to constrict eight enemies at once.
Your skin changes colour to match your surroundings (Stealth+).
Your rubbery body absorbs attacks. (AC +1, EV +1)
One of your tentacles bears a spike.
You are partially covered in slimy green scales. (AC +2)
Scrolls take you a little longer to read.
You are very clumsy. (Dex -4)
Your flesh is very cold resistant. (rC++)
You are dopey. (Int -2)
You are frail. (-10% HP)


Message History

The sky beast closely misses you.
You riposte.
You barely miss the sky beast.
The sky beast is heavily wounded.
You barely miss the sky beast. Your squeeze misses the sky beast.
The sky beast is heavily wounded.
The sky beast misses you.
You riposte.
You closely miss the sky beast.
The sky beast is heavily wounded.
You barely miss the sky beast. Your squeeze misses the sky beast.
The sky beast is heavily wounded.
The sky beast hits you.
* * * LOW HITPOINT WARNING * * *
The sky beast shocks you.
* * * LOW HITPOINT WARNING * * *
The sky beast hits you.
* * * LOW HITPOINT WARNING * * *
The sky beast shocks you.
* * * LOW HITPOINT WARNING * * *
The sky beast hits you.
* * * LOW HITPOINT WARNING * * *
The sky beast shocks you.
You die...

.........†.........
.O#
....................#
..
..Y...###...........#
#. ..#####
##..........# #.##
### #..........# #..#
#.........# #.### #
##...(....# #...### #
#.......# #.....###
## ##....@##
#.#.....# .# #...Y.#
##.####... .# ##...##
#..# #### .## #..##
#..# # ..# #### ##.##
#.# ##..## #.#######
##....### #.......##
###.(#....###
.........#
###..####.....###


You could see a sky beast.

Vanquished Creatures
  An orc warrior (D:8)
  2 sky beasts
  A boggart (D:4)
  4 centaurs
  A phantom (D:7)
  5 bullfrogs
  2 scorpions
  5 wights
  A howler monkey (D:6)
  A centaur zombie (D:6)
  2 orc wizards
  2 orc priests
  4 hounds
  2 jellies
  A bullfrog skeleton (D:7)
  4 worker ants
  Robin (D:4)
  A worker ant zombie (D:6)
  8 adders
  A shadow imp (D:6)
  3 white imps (D:7)
  An ufetubus (D:8)
  3 oozes
  2 worms
  A dart slug (D:2)
  2 leopard geckos (D:6)
  20 orcs
  7 bats
  5 giant cockroaches
  10 hobgoblins
  23 jackals
  2 kobolds
  2 quokkas
  A ball python (D:5)
  2 frilled lizards
  A giant cockroach zombie (D:5)
  16 goblins
  6 rats
156 creatures vanquished.

Vanquished Creatures (collateral kills)
  A two-headed ogre (D:8)
  A centaur (D:8)
  A scorpion (D:8)
  2 wights (D:7)
  A hound (D:8)
  An adder (D:8)
  An orc (D:8)
  2 jackals (D:5)
10 creatures vanquished.

Vanquished Creatures (others)
  A giant cockroach (D:2)
  2 plants (D:1)
3 creatures vanquished.

Grand Total: 169 creatures vanquished

Notes
Turn   | Place    | Note
-------+----------+-------------------------------------------
     0 | D:1      | ANON1729 the Octopode Chaos Knight began the quest for the
                  | Orb.
     0 | D:1      | Reached XP level 1. HP: 16/16 MP: 1/1
   191 | D:1      | Reached XP level 2. HP: 21/21 MP: 2/2
   715 | D:1      | XOM: noise
   797 | D:2      | Reached XP level 3. HP: 19/26 MP: 3/3
  1084 | D:2      | XOM: silly message
  1116 | D:2      | XOM: silly message
  1135 | D:2      | Found a basalt altar of Yredelemnul.
  1277 | D:2      | Reached XP level 4. HP: 27/33 MP: 4/4
  1283 | D:2      | XOM: potion effect (might)
  1740 | D:3      | Found a blossoming altar of Fedhas.
  2125 | D:3      | Reached XP level 5. HP: 31/37 MP: 5/5
  2548 | D:4      | Found Cogrewka's Magic Scroll Boutique.
  2561 | D:4      | Bought a scroll of blinking for 90 gold pieces
  2561 | D:4      | Bought a scroll of noise for 12 gold pieces
  2561 | D:4      | Bought a scroll of identify for 24 gold pieces
  2578 | D:4      | Noticed a boggart
  2578 | D:4      | a worker ant changed into a boggart
  2578 | D:4      | XOM: polymorph worker ant -> boggart
  2580 | D:4      | Noticed an ogre
  2582 | D:4      | Killed a boggart
  2582 | D:4      | Reached XP level 6. HP: 44/44 MP: 6/6
  2740 | D:4      | Noticed Robin
  2751 | D:4      | XOM: summons 1 hostile shadow creature
  3107 | D:4      | Found a staircase to the Ecumenical Temple.
  3225 | D:4      | Reached skill level 1 in Spellcasting
  3379 | D:4      | XOM: noise
  3782 | D:4      | Killed Robin
  3946 | D:5      | Entered Level 5 of the Dungeon
  3975 | D:5      | Noticed a sky beast
  3999 | D:5      | Killed a sky beast
  3999 | D:5      | Reached skill level 5 in Fighting
  3999 | D:5      | Reached skill level 5 in Long Blades
  3999 | D:5      | Reached XP level 7. HP: 43/50 MP: 7/9
  4090 | D:5      | XOM: repel stairs
  4274 | D:4      | XOM: summons 1 hostile shadow creature
  4656 | D:5      | Reached skill level 5 in Dodging
  4739 | D:5      | Found a hide-covered altar of Uskayaw.
  4805 | D:5      | XOM: cast spell 'Olgreb's Toxic Radiance'
  4864 | D:5      | Found a stormy altar of Qazlal.
  5300 | D:6      | Reached XP level 8. HP: 18/56 MP: 11/11
  5481 | D:6      | XOM: potion effect (heal wounds)
  5581 | D:6      | XOM: chaos cloud
  5675 | D:6      | XOM: summons 4 hostile demons
  5700 | D:6      | HP: 2/57 [poisoned by a chaos spawn]
  5707 | D:6      | HP: 2/57 [poisoned by a chaos spawn]
  5715 | D:6      | HP: 1/57 [poisoned by a chaos spawn]
  6090 | D:6      | XOM: noise
  6178 | D:6      | XOM: silly message
  6617 | D:6      | XOM: give mutations
  6617 | D:6      | Gained mutation: You are dopey. (Int -2) [Xom's mischief]
  6617 | D:6      | Gained mutation: Scrolls take you a little longer to read.
                  | [Xom's mischief]
  6617 | D:6      | Gained mutation: You are clumsy. (Dex -2) [Xom's mischief]
  6666 | D:6      | XOM is BORED!
  6666 | D:6      | XOM: summons 2 hostile shadow creatures
  6780 | D:6      | XOM: summons 1 hostile demon
  6796 | D:6      | XOM: give mutation
  6796 | D:6      | Gained mutation: You are very clumsy. (Dex -4) [Xom's
                  | mischief]
  6945 | D:6      | XOM: silly message
  7233 | D:6      | XOM: stat loss: -1 Dex (6/7)
  7338 | D:6      | XOM: summons 1 hostile shadow creature
  7446 | D:6      | XOM: torment (30/58 hp)
  7753 | D:6      | XOM: silly message
  7952 | D:6      | XOM: silly message
  8015 | D:6      | XOM: silly message
  8267 | D:6      | XOM: noise
  8270 | D:7      | XOM: god gift: lightning rod (4/4)
  8273 | D:7      | XOM: enchant monster (good)
  8331 | D:6      | XOM: draining
  8411 | D:6      | XOM: god gift: 6 javelins
  8554 | D:7      | Found a shadowy altar of Dithmenos.
  8555 | D:7      | Found a shimmering blue altar of Sif Muna.
  8556 | D:7      | Found a burning altar of Makhleb.
  8565 | D:7      | Reached XP level 9. HP: 63/63 MP: 13/15
  8608 | D:7      | XOM: divination: magic mapping
  8912 | D:7      | XOM: summons 9 friendly demons
  8993 | D:7      | XOM: give mutations
  8993 | D:7      | Gained mutation: One of your tentacles bears a spike.
                  | [Xom's grace]
  8993 | D:7      | Gained mutation: You are partially covered in slimy green
                  | scales. (AC +2) [Xom's grace]
  8993 | D:7      | Gained mutation: Your flesh is cold resistant. (rC+) [Xom's
                  | grace]
  8993 | D:7      | Gained mutation: Your spells are a little harder to cast,
                  | but a little more powerful. [Xom's grace]
  9309 | D:8      | Found Vuok's Jewellery Emporium.
  9346 | D:8      | XOM: give mutations
  9346 | D:8      | Gained mutation: Your flesh is very cold resistant. (rC++)
                  | [Xom's mischief]
  9346 | D:8      | Gained mutation: You are frail. (-10% HP) [Xom's mischief]
  9465 | D:8      | XOM: 1-stop teleportation journey
  9525 | D:8      | Noticed a two-headed ogre
  9525 | D:8      | XOM: confusion (+ monsters)
  9547 | D:8      | XOM: give mutation
  9547 | D:8      | Lost mutation: Your spells are a little harder to cast, but
                  | a little more powerful. [Xom's mischief]
  9550 | D:8      | XOM: summons 4 hostile demons
  9551 | D:8      | Noticed a hellwing
  9551 | D:8      | Noticed a smoke demon
  9716 | D:8      | XOM: stat loss: -1 Dex (6/7)
  9912 | D:8      | Killed a two-headed ogre
  9912 | D:8      | Reached skill level 1 in Evocations
  9937 | D:8      | Killed an orc warrior
  9937 | D:8      | Reached skill level 5 in Spellcasting
 10078 | D:8      | Slain by a sky beast

Illustrated notes

Levels and vault maps discovered:
D:1:      dpeg_arrival_rooms_b, layout_basic, serial_forest,
          infiniplex_forest_clump_double, infiniplex_forest_zigzag_1,
          infiniplex_forest_straight_5, infiniplex_forest_clump_long,
          infiniplex_forest_straight_2, infiniplex_forest_lined_corner
D:2:      layout_loops_ring, yredelemnul_altar_generic
D:3:      layout_basic, fedhas_ov_isle_minmay
D:4:      layout_basic, minmay_temple_entry_grid, serial_shops, shop,
          minmay_misc_feat_nine_boxes, uniq_robin
D:5:      layout_basic, nicolae_qazlal_general_emergency,
          eat_drink_and_be_merry_uskayaw, ebering_dispersal_statue_hall
D:6:      layout_basic, nicolae_benzene_ring
D:7:      layout_loops_cross, chequers_temple_overflow_statue_of_worship,
          chequers_mini_garden
D:8:      layout_cave_pods, serial_shops, nicolae_shop_crystal, xom_redecorated

Skill      XL: |  1  2  3  4  5  6  7  8  9 |
---------------+----------------------------+-----
Dodging        | 3 4 5 6 7 |  7.1
Fighting       | 4 5 6 7 |  7.4
Long Blades    | 4 5 6 7 |  7.3
Spellcasting   | 1 2 4 5 |  5.0
Evocations     | 2 |  2.4

Action                   |  1- 3 |  4- 6 |  7- 9 || total
-------------------------+-------+-------+-------++-------
Melee: Falchion          |    55 |   116 |   270 ||   441
       Constrict         |    12 |    28 |    56 ||    96
       Tentacles         |     7 |    22 |    52 ||    81
       Unarmed           |       |       |     7 ||     7
       Kick              |       |       |    13 ||    13
Evoke: Wand              |       |       |     3 ||     3
  Use: Scroll            |       |     4 |     3 ||     7
       Potion            |       |       |     6 ||     6
 Stab: Sleeping          |     1 |     8 |     6 ||    15
       Distracted        |     1 |       |     1 ||     2
       Paralysed         |       |     2 |       ||     2
       Petrifying        |       |     1 |       ||     1
       Invisible         |       |       |     2 ||     2
Armor: Skin              |     4 |    10 |    88 ||   102
Dodge: Dodged            |    31 |   141 |   195 ||   367
Block: Other             |       |       |    24 ||    24
       Reflection        |       |       |     2 ||     2
       Rpst.: Falchion   |    17 |    29 |    64 ||   110

Table legend: (Time is in decaauts)
 A = Elapsed time spent in this place.
 B = Non-inter-level travel time spent in this place.
 C = Inter-level travel time spent in this place.
 D = Time resting spent in this place.
 E = Time spent auto-exploring this place.
 F = Levels seen in this place.
 G = Mean time per level.
                   A        B        C        D        E       F      G
               +--------+--------+--------+--------+--------+-----+--------+
         Total |  10069 |   9706 |    363 |   2287 |   6176 |   8 | 1258.6 |
       Dungeon |  10069 |   9706 |    363 |   2287 |   6176 |   8 | 1258.6 |
               +--------+--------+--------+--------+--------+-----+--------+

Top non-repeatable levels by time:
     D:6: 3195 daAuts
     D:4: 1704 daAuts
     D:5: 1073 daAuts
     D:2: 1002 daAuts
     D:3: 801 daAuts
     D:7: 788 daAuts
     D:8: 759 daAuts
     D:1: 745 daAuts
